 Dungeon Crawl Stone Soup version 0.29.1-2-gbd0b4ee654 (webtiles) character file.

Game seed: 4758702541290626534

14 GorkyZ the Chopper (level 2, 0/23 HPs)
             Began as a Formicid Gladiator on Nov 21, 2022.
             Slain by a bat (1 damage)
             ... on level 1 of the Dungeon.
             The game lasted 00:03:29 (859 turns).

GorkyZ the Chopper (Formicid Gladiator)              Turns: 859, Time: 00:03:30

Health: 0/23       AC:  3    Str: 18    XL:     2   Next: 55%
Magic:  2/2        EV: 12    Int:  7    God:
Gold:   14         SH:  0    Dex: 15    Spells: 1/1 levels left

rFire   . . .      SeeInvis +   f - +0 hand axe
rCold   . . .      Faith    .   (no shield)
rNeg    . . .      Spirit   .   b - +0 leather armour
rPois   .          Reflect  .   (helmet unavailable)
rElec   .          Harm     .   (no cloak)
rCorr   .          Rampage  .   (no gloves)
Will    .....                   (no boots)
Stlth   +.........              (no amulet)
HPRegen 0.07/turn               (no ring)
MPRegen 0.08/turn               (no ring)

@: no status effects
A: permanent stasis, dig shafts and tunnels, antennae 3, four strong arms
a: Dig, Shaft Self


You were on level 1 of the Dungeon.
You visited 1 branch of the dungeon, and saw 1 of its levels.

You collected 14 gold pieces.

Inventory:

Hand Weapons
 a - a +0 war axe
 f - a +0 hand axe (weapon)
Missiles
 c - 3 throwing nets
 d - a javelin
Armour
 b - a +0 leather armour (worn)
Scrolls
 e - a scroll of brand weapon {unknown}


   Skills:
 + Level 2.3 Fighting
 + Level 3.0 Axes
 + Level 2.2 Throwing
 + Level 0.4 Armour
 + Level 2.8 Dodging
 + Level 0.6 Shields
 + Level 0.6 Evocations


You had one spell level left.
You didn't know any spells.
Your spell library was empty.

Dungeon Overview and Level Annotations

Branches:
Dungeon (1/15)

Altars:


Innate Abilities, Weirdness & Mutations

You cannot be hasted, slowed, berserked, paralysed or teleported.
You can dig through walls and to a lower floor.
You have a pair of large antennae on your head. (SInv)
Your four strong arms can wield two-handed weapons with a shield.


Message History

* * * LOW HITPOINT WARNING * * *
You hit the endoplasm.
The endoplasm is severely wounded.
The bat barely misses you. The bat hits you but does no damage.
The endoplasm freezes you.
You are frozen.
* * * LOW HITPOINT WARNING * * *
You hit the endoplasm.
You kill the endoplasm!
The bat hits you but does no damage. The bat completely misses you.
The bat hits you but does no damage.
You closely miss the bat. The bat misses you. The bat hits you.
* * * LOW HITPOINT WARNING * * *
You hit the bat.
The bat is severely wounded.
The bat hits you but does no damage.
You closely miss the bat.
The bat is severely wounded.
The bat hits you but does no damage. The bat barely misses you.
You completely miss the bat.
The bat is severely wounded.
The bat closely misses you.
You barely miss the bat.
The bat is heavily wounded.
The bat hits you but does no damage. The bat barely misses you.
You barely miss the bat.
The bat is heavily wounded.
The bat barely misses you.
You closely miss the bat.
The bat is heavily wounded.
The bat hits you but does no damage.
You barely miss the bat.
The bat is heavily wounded.
The bat hits you.
* * * LOW HITPOINT WARNING * * *
The bat hits you.
You die...

..........).....)#...........#..
.............##.>...............
..###............#............#
......................†)......#
..##..#......#.........†.....###
...............................#
#.....########.....##...........
#..##...######...b..............
#..##...........@............#.#
...###########....)........#....
..............................S.
####)....######.#)..#...........
...#.....#...##.................
.............##................
..)#.....#...##)...........#...
####.....#####................
..............##.........


You could see a bat.

Vanquished Creatures
  A dart slug (D:1)
  2 bats (D:1)
  2 endoplasms (D:1)
  A goblin (D:1)
  A quokka (D:1)
  A ball python (D:1)
  A kobold (D:1)
  3 rats (D:1)
12 creatures vanquished.

Vanquished Creatures (others)
  A fungus (D:1)
  2 plants (D:1)
3 creatures vanquished.

Grand Total: 15 creatures vanquished

Notes
Turn   | Place    | Note
-------+----------+-------------------------------------------
     0 | D:1      | GorkyZ the Formicid Gladiator began the quest for the Orb.
     0 | D:1      | Reached XP level 1. HP: 16/16 MP: 1/1
   720 | D:1      | Reached XP level 2. HP: 18/21 MP: 2/2
   849 | D:1      | HP: 1/23 [bat (1)]
   858 | D:1      | HP: 1/23 [bat (1)]
   859 | D:1      | Slain by a bat

Illustrated notes

Levels and vault maps discovered:
D:1:      minmay_arrival_glassed_features, layout_rooms,
          shapermc_ecumenical_altar_mp_ritualfount

Action                   || total
-------------------------++-------
Melee: Hand axe          ||    40
 Abil: Dig               ||     4
Armor: Leather armour    ||    15
Dodge: Dodged            ||    41
